 Dungeon Crawl Stone Soup version 0.20.1-1-g8b1a95d (webtiles) character file.

102 tidbits the Insei (level 4, -2/34 HPs)
             Began as a Demigod Transmuter on Aug 19, 2017.
             Slain by an adder (4 damage)
             ... in a sewer.
             The game lasted 00:09:42 (1163 turns).

tidbits the Insei (Demigod Transmuter)              Turns: 1163, Time: 00:09:43

Health: -2/34      AC:  3    Str: 13    XL:     4   Next: 26%
Magic:  0/11       EV: 12    Int: 19    God:
Gold:   9          SH:  0    Dex: 16    Spells: 3/9 levels left

rFire    . . .     SeeInvis .     - Unarmed
rCold    . . .     Gourm    .   (no shield)
rNeg     . . .     Faith    .   B - +0 robe
rPois    +         Spirit   .   (no helmet)
rElec    .         Reflect  .   (no cloak)
rCorr    .         Harm     .   G - +0 pair of gloves
MR       .....                  (no boots)
Stlth    +.........             (no amulet)
Regen    0.2/turn               l - ring of poison resistance
MPRegen  0.2/turn               (no ring)

@: very slightly contaminated
A: high mp 1
a: no special abilities


You were in a sewer.
You were hungry.

You visited 1 branch of the dungeon, and saw 3 of its levels.
You also visited: Sewer.

You collected 9 gold pieces.

Inventory:

Missiles
 a - 16 arrows
 g - 3 tomahawks of returning (quivered)
 j - 3 tomahawks
Armour
 B - a +0 robe (worn)
 G - a +0 pair of gloves (worn)
Jewellery
 l - a ring of poison resistance (left hand)
   (You found it on level 3 of the Dungeon)
Scrolls
 b - a scroll of fear
 e - a scroll of random uselessness {unknown}
 h - a scroll of identify
 i - a scroll of blinking {unknown}
 m - a scroll of immolation {unknown}
 o - a scroll of enchant armour {unknown}
 p - a scroll of noise {unknown}
Potions
 f - a potion of magic {unknown}
 k - a potion of brilliance {unknown}
Books
 c - a book of Changes

   Spells                             Type                      Level
   a - Beastly Appendage              Transmutation                1
   b - Sticks to Snakes               Transmutation                2
   c - Spider Form                    Transmutation/Poison         3
   d - Ice Form                       Ice/Transmutation            4
   e - Blade Hands                    Transmutation                5
Comestibles
 d - 4 bread rations


   Skills:
 - Level 0.8 Fighting
 - Level 1.7 Dodging
 * Level 3.9 Unarmed Combat
 - Level 3.1 Spellcasting
 + Level 1.7 Transmutations


You had 3 spell levels left.
You knew the following spells:

 Your Spells              Type           Power        Failure   Level  Hunger
e - Beastly Appendage     Tmut           #.....       8%          1    None
k - Sticks to Snakes      Tmut           #.......     11%         2    ##.....
p - Spider Form           Tmut/Pois      #.........   30%         3    ###....


Dungeon Overview and Level Annotations

Branches:
Dungeon (3/15)


Innate Abilities, Weirdness & Mutations

You have an increased reservoir of magic. (+10% MP)


Message History

Your +0 robe melds into your body.
The river rat closely misses you.
Your unstable footing causes you to fumble your attack.
The river rat completely misses you.
Your unstable footing causes you to fumble your attack.
The river rat misses you.
You bite the river rat!
The river rat is severely wounded.
Your unstable footing causes you to fumble your attack.
Your transformation is almost over.
The river rat closely misses you.
You barely miss the river rat.
The river rat is severely wounded.
The river rat misses you.
You hit the river rat.
You kill the river rat!
Your Spellcasting skill increases to level 3!
You enter the shallow water.
Moving in this stuff is going to be slow.
Your transformation has ended.
Your +0 pair of gloves unmelds from your body.
Your +0 robe unmelds from your body.
Found a smoky purple potion and a pink potion.
f - a smoky purple potion You feel a little less mighty now.
k - a pink potion You enter the shallow water.
Moving in this stuff is going to be slow.
An adder comes into view.
The adder hisses angrily.
The adder misses you. The adder completely misses you. The adder bites you.
* * * LOW HITPOINT WARNING * * *
The adder misses you. The adder misses you.
Casting: Spider Form
Confirm with . or Enter, or press ? or * to list all spells.
You miscast Spider Form.
You are very lightly contaminated with residual magic.
Wisps of poison gas drift from your hands.
The adder bites you.
* * * LOW HITPOINT WARNING * * *
Casting: Spider Form
Confirm with . or Enter, or press ? or * to list all spells.
You create a snake!
You now have 17 arrows.
The adder misses you.
Your ball python completely misses the adder. x2
You closely miss the adder. The adder misses you.
Your ball python closely misses the adder.
Your ball python misses the adder.
The adder closely misses you.
You barely miss the adder.
Your ball python closely misses the adder.
Your ball python completely misses the adder.
The adder bites you but does no damage.
You are feeling hungry.
You barely miss the adder.
Your ball python bites the adder but does no damage.
Your ball python closely misses the adder.
The adder misses you.
You miss the adder. The adder bites you.
* * * LOW HITPOINT WARNING * * *
Your ball python bites the adder but does no damage.
Your ball python closely misses the adder.
You closely miss the adder. The adder closely misses you.
Your ball python barely misses the adder. x2
You hit the adder.
The adder is lightly wounded.
The adder barely misses you.
Your ball python misses the adder.
Your ball python barely misses the adder.
The adder barely misses you.
You hit the adder.
The adder is moderately wounded.
Your ball python bites the adder.
Your ball python grabs the adder.
Your ball python constricts the adder.
The adder bites you but does no damage.
You hit the adder but do no damage.
The adder is heavily wounded.
Your ball python bites the adder.
Your ball python constricts the adder.
The adder bites your ball python.
Your ball python dies!
The adder hisses angrily.
You hit the adder but do no damage.
The adder is heavily wounded.
The adder bites you.
* * * LOW HITPOINT WARNING * * *
Casting: Sticks to Snakes
Confirm with . or Enter, or press ? or * to list all spells.
You create a snake!
You now have 16 arrows.
The adder barely misses you. The adder bites you.
* * * LOW HITPOINT WARNING * * *
You completely miss the adder.
The adder is heavily wounded.
The adder closely misses you.
Your ball python barely misses the adder.
Your ball python grabs the adder.
Your ball python constricts the adder.
You hit the adder but do no damage.
The adder is severely wounded.
The adder barely misses you.
Your ball python bites the adder.
Your ball python constricts the adder.
You hit the adder but do no damage.
The adder is almost dead.
The adder bites you.
You die...

#≈##≈.≈.≈####≈.≈..# #
##.≈.## ##...## ##≈##
##≈## #≈# #≈# #≈# #≈#
#≈# #≈# ##≈## ##≈##
##≈≈.## ##.≈.##
.#####.≈≈@S####...≈.#
≈≈≈≈≈≈≈≈.S≈≈≈≈≈...≈.#
#####≈....####.....#
##.≈.## ##≈..## ##≈##
##.## #≈# #.# #≈# .#
#≈# .# .≈.


You could see an adder and a friendly ball python.

Vanquished Creatures
  A river rat (Sewer)
  2 adders
  3 worms (D:3)
  4 leopard geckos
  2 orcs (D:3)
  5 bats
  A giant cockroach (D:1)
  2 goblins
  7 hobgoblins
  5 jackals
  5 kobolds
  3 ball pythons
  3 frilled lizards
  4 rats
47 creatures vanquished.

Vanquished Creatures (collateral kills)
  An adder (D:3)
  A leopard gecko (D:3)
  A ball python (D:1)
  2 hobgoblins (D:1)
  A jackal (D:1)
  A quokka (D:3)
  A frilled lizard (D:3)
  A rat (D:2)
9 creatures vanquished.

Grand Total: 56 creatures vanquished

Notes
Turn   | Place    | Note
-------+----------+-------------------------------------------
     0 | D:1      | tidbits the Demigod Transmuter began the quest for the Orb.
     0 | D:1      | Reached XP level 1. HP: 15/15 MP: 5/5
    58 | D:1      | Reached skill level 3 in Unarmed Combat
   231 | D:1      | HP: 1/15 [hobgoblin/club (8)]
   232 | D:1      | Reached XP level 2. HP: 2/22 MP: 5/7
   305 | D:1      | Learned a level 2 spell: Sticks to Snakes
   524 | D:3      | Reached XP level 3. HP: 15/27 MP: 5/8
   703 | D:3      | Reached skill level 2 in Spellcasting
   708 | D:3      | Learned a level 3 spell: Spider Form
   800 | D:2      | HP: 2/27 [hobgoblin/club (2)]
  1064 | D:3      | Found a glowing drain.
  1087 | D:3      | Reached XP level 4. HP: 15/34 MP: 2/10
  1092 | Sewer    | Entered a sewer
  1128 | Sewer    | Reached skill level 3 in Spellcasting
  1160 | Sewer    | HP: 2/34 [adder (2)]
  1163 | Sewer    | Slain by an adder

Skill      XL: |  1  2  3  4 |
---------------+-------------+-----
Unarmed Combat | 3 |  3.9
Spellcasting   | 2 3 |  3.1
Fighting       | |  0.8
Dodging        | |  1.7
Transmutations | |  1.7

Action                   |  1- 3 |  4- 6 || total
-------------------------+-------+-------++-------
Melee: Unarmed           |   127 |    26 ||   153
       Kick              |     5 |       ||     5
       Headbutt          |     4 |       ||     4
       Punch             |     1 |       ||     1
Throw: Tomahawk          |    15 |       ||    15
 Cast: Beastly Appendage |    18 |       ||    18
       Sticks to Snakes  |    10 |     2 ||    12
       Spider Form       |     8 |     1 ||     9
  Use: Potion            |     2 |     1 ||     3
       Scroll            |       |     2 ||     2
 Stab: Sleeping          |     1 |       ||     1
  Eat: Chunk             |     1 |       ||     1
       Royal jelly       |       |     1 ||     1
Armor: Robe              |    26 |     4 ||    30
       Skin              |     5 |       ||     5
Dodge: Dodged            |    89 |    32 ||   121

Table legend:
 A = Turns spent in this place as a percentage of turns spent in the entire game.
 B = Non-inter-level travel turns spent in this place as a percentage of non-inter-level travel turns spent in the entire game.
 C = Inter-level travel turns spent in this place as a percentage of turns spent in this place.
 D = Turns resting spent in this place as a percentage of non-inter-level travel turns spent in this place.
 E = Turns spent auto-exploring this place as a percentage of non-inter-level travel turns spent in this place.
 F = Non-inter-level travel turns spent in this place divided by the number of levels of this place that you've seen.
                   A       B       C       D       E      F
               +-------+-------+-------+-------+-------+----------------------
         Total | 100.0 | 100.0 |   0.0 |   0.0 |   0.0 | 279.2
       Dungeon |  93.6 |  93.6 |   0.0 |   0.0 |   0.0 | 348.7
         Sewer |   6.4 |   6.4 |   0.0 |   0.0 |   0.0 |  71.0
               +-------+-------+-------+-------+-------+----------------------

Table legend:
 A = Kills in this place as a percentage of kills in entire the game.
 B = Kills by you in this place as a percentage of kills by you in the entire game.
 C = Kills by friends in this place as a percentage of kills by friends in the entire game.
 D = Other kills in this place as a percentage of other kills in the entire game.
 E = Experience gained in this place as a percentage of experience gained in the entire game.
 F = Experience gained in this place divided by the number of levels of this place that you have seen.
                   A       B       C       D       E      F
               +-------+-------+-------+-------+-------+----------------------
         Total | 100.0 | 100.0 | 100.0 |  -nan | 100.0 |  36.8
       Dungeon |  92.9 |  91.5 | 100.0 |  -nan |  78.9 |  38.7
         Sewer |   7.1 |   8.5 |   0.0 |  -nan |  21.1 |  31.0
               +-------+-------+-------+-------+-------+----------------------

Vault maps used:
D:1:      lemuel_arrival_tunnels, nrook_loot_triangle
D:2:      grunt_qazlal_clouds, minmay_unequal
D:3:      cheibrodos_sewer_entry_bend
Sewer:    sewer_co_15_rooms
